 Dungeon Crawl Stone Soup version 0.32-a0-42-ga30500b4d3 (webtiles) character file.

Game seed: 13748781768271821583

171 Behavioral the Shooter (level 5, -1/38 HPs)
             Began as a Formicid Hexslinger on Feb 2, 2024.
             Was an Initiate of Okawaru.
             Slain by Blork the orc
             ... wielding a +0 halberd
              (4 damage)
             ... on level 4 of the Dungeon.
             The game lasted 00:08:16 (2570 turns).

Behavioral the Shooter (Formicid Hexslinger)        Turns: 2570, Time: 00:08:17

Health: -1/38      AC:  3    Str: 13    XL:     5   Next: 81%
Magic:  6/6        EV: 12    Int: 12    God:    Okawaru [......]
Gold:   163        SH:  0    Dex: 18    Spells: 4/6 levels left

rFire   + . .        a - +1 sling
rCold   . . .        (no shield)
rNeg    . . .        c - +0 robe
rPois   .            (helmet unavailable)
rElec   .            q - +0 cloak
rCorr   .            (no gloves)
SInv    +            (no boots)
Will    .....        (no amulet)
Stlth   +            i - ring of protection from fire
HPRegen 0.26/turn    (no ring)
MPRegen 0.10/turn

%: no passive effects
@: confused
A: permanent stasis, dig shafts and tunnels, antennae 3, four strong arms
a: Dig, Shaft Self, Renounce Religion


You were on level 4 of the Dungeon.
You worshipped Okawaru.
Okawaru was noncommittal.
You visited 1 branch of the dungeon, and saw 4 of its levels.

You collected 163 gold pieces.

Inventory:

Hand Weapons
 a - a +1 sling (weapon)
Missiles
 h - 2 poisoned darts
 r - a throwing net
Armour
 c - a +0 robe (worn)
 q - a +0 cloak (worn)
Jewellery
 i - a ring of protection from fire (left hand)
 s - an amulet of regeneration
Scrolls
 b - a scroll of poison
 e - a scroll of noise {unknown}
 f - a scroll of teleportation
 g - a scroll of blinking {unknown}
 k - a scroll of revelation {unknown}
 l - a scroll of fear {unknown}
 o - a scroll of vulnerability {unknown}
 p - a scroll of immolation {unknown}
Potions
 d - a potion of haste {unknown}
 j - a potion of degeneration {unknown}
 m - a potion of heal wounds {unknown}
 n - a potion of curing


   Skills:
 + Level 1.9 Fighting
 + Level 5.1 Ranged Weapons
 - Level 1.7 Dodging
 - Level 1.1 Spellcasting
 - Level 3.6 Hexes
 - Level 1.0 Fire Magic
 + Level 1.2 Invocations


You had 4 spell levels left.
You knew the following spells:

 Your Spells              Type           Power      Damage    Failure   Level
a - Jinxbite              Hex            18%        N/A       11%         2

Your spell library contained the following spells:

 Spells                   Type           Power      Damage    Failure   Level
 Sigil of Binding         Hex            9%         N/A       21%         3
 Inner Flame              Hex/Fire       6%         N/A       34%         3
 Lesser Beckoning         Tloc           0%         N/A       41%         2
 Momentum Strike          Conj/Tloc      0%         3d8       41%         2
 Cause Fear               Hex            4%         N/A       56%         4
 Fugue of the Fallen      Necr           0%         N/A       65%         3
 Ozocubu's Armour         Ice            0%         N/A       65%         3
 Dimensional Bullseye     Hex/Tloc       2%         N/A       80%         4
 Manifold Assault         Tloc           0%         N/A       96%         4
 Lee's Rapid Deconstruct  Erth           0%         3d4*      100%        5
 Blink                    Tloc           Unusable   N/A       N/A         2
 Animate Armour           Summ/Erth      Unusable   N/A       N/A         4
 Summon Lightning Spire   Summ/Air       Unusable   N/A       N/A         4

Dungeon Overview and Level Annotations

Branches:
Dungeon (4/15)
 Temple: D:4-7

Altars:
Okawaru

Shops:
D:1 =

Annotations:
D:3 exclusion: downstairs
D:4 Blork the orc


Innate Abilities, Weirdness & Mutations

You cannot be hasted, slowed, berserked, paralysed or teleported.
You can dig through walls and to a lower floor.
You have a pair of large antennae on your head. (SInv)
Your four strong arms can wield two-handed weapons with a shield.


Message History

A stone staircase leading down.
Removed exclusion.
Unknown command.
Unknown command.
You climb downwards.
Level annotation: Blork the orc
There is a stone staircase leading up, spattered with blood here.
Unknown command.
Unknown command.
Unknown command.
You shoot a sling bullet.
Blork the orc shouts!
The sling bullet hits Blork the orc.
Blork the orc is lightly wounded.
Unknown command.
You shoot a sling bullet. The sling bullet hits Blork the orc.
Blork the orc is moderately wounded.
Blork the orc barely misses you.
Unknown command.
Unknown command.
You shoot a sling bullet. The sling bullet hits Blork the orc.
Blork the orc is moderately wounded.
Blork the orc closely misses you.
Unknown command.
Unknown command.
The orc wizard gestures at you while chanting.
You are confused.
Blork the orc hits you from afar with a +0 halberd!
In your confused state, you trip and fall back down the stairs.
Blork the orc hits you from afar with a +0 halberd!
The iguana bites you but does no damage.
Unknown command.
Unknown command.
Blork the orc hits you from afar with a +0 halberd!
* * * LOW HITPOINT WARNING * * *
The orc hits you but does no damage. The iguana barely misses you.
In your confused state, you trip and fall back down the stairs.
* * * LOW HITPOINT WARNING * * *
Blork the orc hits you from afar with a +0 halberd.
You die...

.....!...o$
.........{ ,
........., ,
.......o######o ..
#.....[.. #..
#........ ...#
#........ ##...
#ol...... .....#
#@.o.....
......##........ ..
.......#.......> .#
#.......... #.
#....###### ,.# #
#.....#######. #.#.
....#........#.....
#"(.#####...........
..... #...<.......


You could see Blork the orc, an iguana, 2 orc wizards and an orc.

Vanquished Creatures
  Jessica (D:2)
  4 gnolls (D:3)
  3 adders
  A ribbon worm (D:2)
  2 dart slugs
  6 orcs
  5 bats
  4 endoplasms
  2 giant cockroaches
  7 hobgoblins
  8 kobolds
  4 quokkas
  5 ball pythons
  3 frilled lizards
  6 goblins
  6 rats
67 creatures vanquished.

Notes
Turn   | Place    | Note
-------+----------+-------------------------------------------
     0 | D:1      | Behavioral the Formicid Hexslinger began the quest for the
                  | Orb.
     0 | D:1      | Reached XP level 1. HP: 15/15 MP: 2/2
    98 | D:1      | Reached XP level 2. HP: 21/21 MP: 3/3
    99 | D:1      | Found a faded altar of an unknown god.
   204 | D:1      | Reached skill level 3 in Ranged Weapons
   247 | D:1      | Reached XP level 3. HP: 26/26 MP: 4/4
   250 | D:1      | Learned a level 2 spell: Jinxbite
   256 | D:1      | Found Nihunixzop's Jewellery Shop.
   657 | D:2      | Reached skill level 4 in Ranged Weapons
   657 | D:2      | Reached XP level 4. HP: 32/32 MP: 5/5
   705 | D:2      | Noticed Jessica
   708 | D:2      | Killed Jessica
  1308 | D:3      | Reached XP level 5. HP: 37/37 MP: 3/6
  1632 | D:3      | Found an iron altar of Okawaru.
  1668 | D:3      | Became a worshipper of Warmaster Okawaru
  1686 | D:3      | Reached skill level 5 in Ranged Weapons
  1712 | D:3      | Reached skill level 1 in Invocations
  2203 | D:4      | Noticed a centaur
  2260 | D:4      | Noticed Blork the orc
  2570 | D:4      | Slain by Blork the orc

Illustrated notes

Levels and vault maps discovered:
D:1:      beargit_arrival_greenhouse, layout_rooms, serial_shops,
          nicolae_shop_gaudy_bauble, shapermc_ecumenical_altar_starsandcircs,
          grunt_decor_arrowhead
D:2:      layout_loops_ring, serial_rivers, chequers_serial_rivers_micro_d,
          chequers_serial_rivers_micro_a, chequers_serial_rivers_small_b,
          chequers_serial_rivers_micro_c, chequers_serial_rivers_large_b,
          uniq_jessica
D:3:      layout_loops_ring, amcnicky_altar_gilded
D:4:      layout_rooms, minivault_1, corner_web_ring, uniq_blork_the_orc,
          uniq_eustachio

Skill      XL: |  1  2  3  4  5 |
---------------+----------------+-----
Ranged Weapons | 3 4 5 |  5.1
Invocations    | 1 |  1.2
Fighting       | |  1.9
Dodging        | |  1.7
Spellcasting   | |  1.1
Hexes          | |  3.6
Fire Magic     | |  1.0

Action                     |  1- 3 |  4- 6 || total
---------------------------+-------+-------++-------
   Fire: Sling             |    75 |   104 ||   179
   Cast: Jinxbite          |     4 |     9 ||    13
Ability: Dig               |       |     1 ||     1
    Use: Scroll            |       |     1 ||     1
         Potion            |       |     1 ||     1
 Armour: Robe              |    12 |    45 ||    57
  Dodge: Dodged            |    15 |    55 ||    70

Table legend: (Time is in decaauts)
 A = Elapsed time spent in this place.
 B = Non-inter-level travel time spent in this place.
 C = Inter-level travel time spent in this place.
 D = Time resting spent in this place.
 E = Time spent auto-exploring this place.
 F = Levels seen in this place.
 G = Mean time per level.
                   A        B        C        D        E       F      G
               +--------+--------+--------+--------+--------+-----+--------+
         Total |   2638 |   2542 |     96 |    351 |   1733 |   4 |  659.5 |
       Dungeon |   2638 |   2542 |     96 |    351 |   1733 |   4 |  659.5 |
               +--------+--------+--------+--------+--------+-----+--------+

Top non-repeatable levels by time:
     D:3: 1290 daAuts
     D:2: 855 daAuts
     D:1: 447 daAuts
     D:4: 45 daAuts
